 Dungeon Crawl Stone Soup version 0.30-a0-862-g1aabd4f9c5 (webtiles) character file.

Game seed: 11246162949110694707

61649 Axe the Severer (level 14, -9/116 HPs)
             Began as a Minotaur Fighter on Mar 10, 2023.
             Was the Champion of Hepliaklqana.
             Mangled by a sun demon (12 damage)
             ... summoned by an orc high priest
             ... on level 2 of the Orcish Mines.
             The game lasted 00:39:30 (16527 turns).

Axe the Severer (Minotaur Fighter)                 Turns: 16527, Time: 00:39:31

Health: -9/116     AC: 24    Str: 24    XL:     14   Next: 61%
Magic:  13/13      EV: 15    Int:  5    God:    Hepliaklqana [******]
Gold:   1497       SH: 18    Dex: 12    Spells: 13/13 levels left

rFire   . . .      SeeInvis .    a - +3 broad axe (venom)
rCold   + . .      Faith    .    s - +1 kite shield
rNeg    . . .      Spirit   .    G - +3 chain mail {rC+}
rPois   .          Reflect  +    R - +0 hat
rElec   .          Rampage  .    c - +0 cloak
rCorr   .                        v - +0 pair of gloves
Will    +....                    J - +0 pair of boots Stlth
                                 w - amulet of reflection
HPRegen 0.39/turn                A - +5 ring of evasion
MPRegen 0.13/turn                p - +4 ring of protection

@: no status effects
A: reduced essence, horns 2, retaliatory headbutt
a: Renounce Religion, Recall Ancestor, Ancestor Identity, Transference, Idealise


You were on level 2 of the Orcish Mines.
You worshipped Hepliaklqana.
Hepliaklqana was exalted by your worship.
You visited 3 branches of the dungeon, and saw 18 of its levels.

You collected 1868 gold pieces.
You spent 371 gold pieces at shops.

Inventory:

Hand Weapons
 a - a +3 broad axe of venom (weapon)
 b - a +2 whip of freezing
Missiles
 l - 5 throwing nets (quivered)
Armour
 c - a +0 cloak (worn)
 s - a +1 kite shield (worn)
 v - a +0 pair of gloves (worn)
 G - a +3 chain mail of cold resistance (worn)
 J - a +0 pair of boots (worn)
 R - a +0 hat (worn)
Jewellery
 j - a ring of protection from cold
 p - a +4 ring of protection (right hand)
 w - an amulet of reflection (around neck)
 A - a +5 ring of evasion (left hand)
 L - a ring of protection from cold
 T - the ring of Ignis's Castigation {Fly rElec rN+ Str+3}
   (You found it on level 4 of the Lair of Beasts)

   [ring of flight]

   Str:       It affects your strength (+3).
   rElec:     It insulates you from electricity.
   rN:        It protects you from negative energy.
   Fly:       It grants you flight.
Wands
 h - a wand of quicksilver (1)
 y - a wand of roots (17)
 B - a wand of paralysis (20)
 F - a wand of mindburst (25)
 O - a wand of polymorph (10)
Scrolls
 g - 2 scrolls of enchant armour
 n - 6 scrolls of identify
 r - 4 scrolls of vulnerability
 t - a scroll of immolation
 x - 8 scrolls of teleportation
 C - 2 scrolls of amnesia
 D - a scroll of butterflies
 N - a scroll of magic mapping
Potions
 d - 5 potions of might
 e - 2 potions of berserk rage
 f - 2 potions of lignification
 i - 2 potions of invisibility
 k - 4 potions of ambrosia
 m - a potion of magic
 o - 15 potions of curing
 q - 9 potions of heal wounds
 z - 2 potions of cancellation
 E - 2 potions of resistance
 H - 2 potions of mutation
 M - 2 potions of haste
 P - 2 potions of attraction
 S - 3 potions of flight


   Skills:
 + Level 13.4 Fighting
 - Level 18.0 Axes
 + Level 13.3 Armour
 - Level 6.9 Dodging
 + Level 13.3 Shields
 + Level 7.9 Evocations


You had 13 spell levels left.
You didn't know any spells.
Your spell library contained the following spells:

 Spells                   Type           Power      Damage    Failure   Level
 Magic Dart               Conj           0%         1d3       99%         1
 Cigotuvi's Dreadful Rot  Necr/Pois/Air  0%         N/A       100%        2
 Ensorcelled Hibernation  Hex/Ice        0%         N/A       100%        2
 Scorch                   Fire           0%         2d5       100%        2
 Searing Ray              Conj           0%         2d4       100%        2
 Static Discharge         Conj/Air       0%         2-2/arc   100%        2
 Spider Form              Tmut/Pois      0%         N/A       100%        3
 Tukima's Dance           Hex            0%         N/A       100%        3
 Vhi's Electric Charge    Tloc/Air       0%         N/A       100%        3
 Anguish                  Hex/Necr       0%         N/A       100%        4
 Dispel Undead            Necr           0%         3d6       100%        4
 Flame Wave               Conj/Fire      0%         2d4       100%        4
 Fulminant Prism          Conj/Hex       0%         3d5       100%        4
 Passage of Golubria      Tloc           0%         N/A       100%        4
 Arcjolt                  Conj/Air       0%         1d10      100%        5
 Iskenderun's Battlesphe  Conj           0%         2d6       100%        5
 Lightning Bolt           Conj/Air       0%         1d11      100%        5
 Yara's Violent Unravell  Hex/Tmut       0%         3d3       100%        5
 Death Channel            Necr           0%         N/A       100%        6
 Iron Shot                Conj/Erth      0%         9d1       100%        6
 Summon Cactus Giant      Summ           0%         N/A       100%        6
 Spellforged Servitor     Conj/Summ      0%         N/A       100%        7
 Maxwell's Capacitive Co  Air            0%         ∞         100%        8


Dungeon Overview and Level Annotations

Branches:
Dungeon (11/15)            Temple (0/1) D:4            Lair (5/5) D:9
  Swamp (0/4) Lair:2        Snake (0/4) Lair:2        Slime (0/5) Lair:5
    Orc (2/2) D:11
    Elf: Orc:2

Altars:
Gozag
Hepliaklqana
Nemelex Xobeh
Qazlal
Sif Muna
Trog
Yredelemnul
The Shining One

Shops:
D:8 [


Innate Abilities, Weirdness & Mutations

Your life essence is reduced to manifest your ancestor. (-10% HP)
You have a pair of horns on your head.
You reflexively headbutt those who attack you in melee.


Message History

The orc knight looks as sick as possible!
You hit the hellwing but do no damage.
Cuetlachtli points at the orc high priest and mumbles some strange words.
The puff of frost hits the orc high priest.
You block the hellwing's attack.
The hellwing hits you but does no damage.
The sun demon hits you!
* * * LOW HITPOINT WARNING * * *
You are engulfed in flames!
* * * LOW HITPOINT WARNING * * *
You hit the orc high priest.
The orc high priest is heavily wounded.
You hit the hellwing but do no damage. You barely miss the sun demon.
You hit the orc knight but do no damage.
The orc knight looks as sick as possible!
The orc knight roars a battlecry!
The orc high priest goes into a battle-frenzy!
The orc high priest hits you with a +0 short sword.
* * * LOW HITPOINT WARNING * * *
The hellwing barely misses you. You block the hellwing's attack.
You block the sun demon's attack.
You hear a shout!
You slash the orc high priest!
The orc high priest looks as sick as possible!
You headbutt the orc high priest.
The orc high priest is severely wounded.
You barely miss the sun demon.
You hit the orc knight but do no damage.
The orc knight looks as sick as possible!
You hit the hellwing but do no damage.
You hear a shout!
You block the orc knight's attack.
The orc knight hits Cuetlachtli with a +0 battleaxe!
An orc knight comes into view. It is wielding a +0 dire flail.
The orc high priest calls down the wrath of Beogh upon you.
Beogh smites you!
* * * LOW HITPOINT WARNING * * *
Cuetlachtli hits the orc high priest with a +0 quarterstaff.
The sun demon hits you!
You die...

##### #####.. .....##
#..#.......
.......####.........#.
.........##..........#
.......).#...........
#.#.#.#)#.#............
.....)34).)............
.....)o@)))))..........
.....)oR)))))........##
#o#.#.#.#)#...........##
.........#...........#.
.........##.............
.......####.............
.....## #.............
##### #.............
##############
###...........


You could see the friendly Cuetlachtli the battlemage, 2 orc knights, an orc
high priest (strong, extremely poisoned, ally target), a sun demon (summoned,
extremely poisoned) and a hellwing (summoned).

Vanquished Creatures
  Jorgrun (Orc:1)
  Josephine (Lair:5)
  Fannar (D:11)
  Harold (Orc:1)
  A hydra (Lair:2)
  2 death yaks (Lair:4)
  Urug (Lair:3)
  4 two-headed ogres
  Sonja (Lair:2)
  A lindwurm (Lair:5)
  4 orc knights
  2 orc sorcerers (Orc:2)
  An ugly thing (D:7)
  5 black mambas
  A molten gargoyle (Lair:5)
  7 cane toads
  An unseen horror (D:10)
  A rime drake (Lair:5)
  8 komodo dragons
  Psyche (D:8)
  2 trolls
  3 polar bears
  Grinder (D:4)
  18 blink frogs
  A shadow (D:9)
  9 wyverns
  34 yaks
  6 wraiths
  3 basilisks
  A steam dragon (Lair:5)
  3 wargs (Orc:2)
  3 nagas (Lair:2)
  3 acid dragons (D:11)
  6 water moccasins
  4 hell hounds (Lair:5)
  17 orc warriors
  3 ogres
  3 centaurs
  10 wolves
  A kobold brigand (D:11)
  5 bullfrogs
  2 gnoll sergeants
  3 wights (D:10)
  9 killer bees
  3 howler monkeys
  2 lava snakes (Lair:5)
  2 hounds
  A gnoll bouda (D:6)
  18 orc priests
  Crazy Yiuf (D:3)
  4 iguanas
  A battlemage (D:8)
  7 orc wizards
  Terence (D:3)
  Robin (D:4)
  25 gnolls
  An adder (D:2)
  A white imp (D:6)
  An ufetubus (D:5)
  A worm (D:3)
  14 dart slugs
  60 orcs
  An endoplasm (D:1)
  2 giant cockroaches (D:2)
  7 hobgoblins
  4 jackals
  A quokka (D:3)
  7 ball pythons
  6 bats
  6 frilled lizards
  16 goblins
  11 kobolds
  6 rats
406 creatures vanquished.

Vanquished Creatures (collateral kills)
  A fire dragon (Lair:5)
  A hydra (Lair:4)
  A boulder beetle (D:11)
  3 two-headed ogres
  A death yak (Lair:4)
  An orc high priest (Orc:2)
  2 skysharks
  Pikel (D:7)
  An ugly thing (D:9)
  A deep elf pyromancer (D:9)
  4 black mambas
  A cane toad (Lair:4)
  A molten gargoyle (Lair:5)
  9 komodo dragons
  A kobold demonologist (D:11)
  2 rime drakes (Lair:3)
  2 trolls
  Prince Ribbit (D:5)
  A hornet (D:11)
  7 blink frogs
  A shadow (D:10)
  25 yaks
  A vampire (D:11)
  3 wyverns
  4 basilisks
  3 steam dragons
  Edmund (D:5)
  A hell hound (Lair:5)
  An acid dragon (D:11)
  2 water moccasins
  An ice beast (D:5)
  A sky beast (D:6)
  8 orc warriors
  2 ogres
  A centaur (D:9)
  5 wolves
  2 lemures (D:7)
  5 bullfrogs
  3 kobold brigands
  2 gnoll sergeants (D:7)
  3 scorpions
  A wight (D:10)
  9 killer bees
  3 howler monkeys
  2 lava snakes (Lair:5)
  A hound (D:5)
  2 orc priests (Orc:2)
  A gnoll bouda (D:9)
  4 iguanas
  5 orc wizards
  10 gnolls
  3 adders
  A howler monkey simulacrum (D:9)
  26 orcs
  2 goblins (D:4)
  A quokka (D:5)
  A kobold (D:11)
  A butterfly (Lair:5)
190 creatures vanquished.

Vanquished Creatures (others)
  3 battlemagi
  2 ancestors
  27 fungi
  16 plants
48 creatures vanquished.

Grand Total: 644 creatures vanquished

Notes
Turn   | Place    | Note
-------+----------+-------------------------------------------
     0 | D:1      | Axe the Minotaur Fighter began the quest for the Orb.
     0 | D:1      | Reached XP level 1. HP: 19/19 MP: 0/0
   228 | D:1      | Reached XP level 2. HP: 25/27 MP: 1/1
   337 | D:1      | Reached skill level 3 in Axes
   787 | D:2      | Reached XP level 3. HP: 33/33 MP: 2/2
   811 | D:2      | HP: 1/33 [gnoll/+0 flail (3)]
   812 | D:2      | Reached skill level 1 in Dodging
  1008 | D:2      | Reached XP level 4. HP: 40/40 MP: 3/3
  1062 | D:2      | Found a bloodstained altar of Trog.
  1410 | D:2      | Found a faded altar of an unknown god.
  1696 | D:3      | Found a hazy altar of Hepliaklqana.
  1709 | D:3      | Reached skill level 4 in Axes
  1712 | D:3      | Became a worshipper of Hepliaklqana the Forgotten
  1978 | D:3      | Reached XP level 5. HP: 45/47 MP: 4/4
  2147 | D:3      | Noticed Terence
  2157 | D:3      | Killed Terence
  2275 | D:3      | Reached * piety under Hepliaklqana
  2731 | D:3      | Found a runed translucent door.
  2732 | D:3      | Noticed Crazy Yiuf
  2745 | D:3      | Killed Crazy Yiuf
  2970 | D:4      | Found a staircase to the Ecumenical Temple.
  3062 | D:4      | Found a stormy altar of Qazlal.
  3265 | D:4      | Noticed Grinder
  3277 | D:4      | Paralysed by Grinder for 2 turns
  3278 | D:4      | Noticed Robin
  3310 | D:4      | Paralysed by Grinder for 2 turns
  3313 | D:4      | Killed Grinder
  3314 | D:4      | Reached skill level 5 in Fighting
  3314 | D:4      | Reached skill level 5 in Axes
  3314 | D:4      | Reached skill level 5 in Armour
  3314 | D:4      | Reached XP level 6. HP: 20/50 MP: 5/5
  3316 | D:4      | Killed Robin
  3770 | D:5      | Entered Level 5 of the Dungeon
  3786 | D:5      | Reached ** piety under Hepliaklqana
  3790 | D:5      | Reached XP level 7. HP: 53/54 MP: 6/6
  3790 | D:5      | Remembered your ancestor Cuetlachtli as a battlemage
  3808 | D:5      | Reached skill level 5 in Shields
  3811 | D:5      | Reached skill level 6 in Axes
  4133 | D:5      | Found a basalt altar of Yredelemnul.
  4351 | D:5      | Noticed Prince Ribbit
  4356 | D:5      | Killed Prince Ribbit
  4357 | D:5      | Reached skill level 7 in Axes
  4357 | D:5      | Reached XP level 8. HP: 60/63 MP: 7/7
  4506 | D:5      | Noticed Edmund
  4522 | D:5      | Killed Edmund
  4612 | D:5      | Found a glowing golden altar of the Shining One.
  4745 | D:6      | Reached skill level 8 in Axes
  4879 | D:6      | Identified the +2 robe of the Thinker {Fly Int+3 Dex+3
                  | Archmagi}
  5025 | D:6      | Found an opulent altar of Gozag.
  5270 | D:6      | Reached *** piety under Hepliaklqana
  5303 | D:6      | Noticed a komodo dragon
  5475 | D:7      | Reached XP level 9. HP: 70/70 MP: 8/8
  5478 | D:7      | Reached skill level 5 in Dodging
  5565 | D:7      | Found a shimmering blue altar of Sif Muna.
  5587 | D:7      | Reached skill level 9 in Axes
  5651 | D:7      | Noticed Pikel
  5658 | D:7      | Killed Pikel
  5859 | D:7      | Identified the +1 robe of the Forest {*Slow rPois Regen+
                  | Dex+5}
  6034 | D:7      | Reached skill level 10 in Axes
  6185 | D:7      | Noticed a red ugly thing
  6239 | D:7      | Killed a red ugly thing
  6240 | D:7      | Reached XP level 10. HP: 45/79 MP: 9/9
  6661 | D:8      | Noticed a two-headed ogre
  6667 | D:8      | Killed a two-headed ogre
  6722 | D:8      | Reached skill level 11 in Axes
  6968 | D:8      | Noticed a two-headed ogre
  6971 | D:8      | Noticed Psyche
  6971 | D:8      | Found Kiot's Armour Emporium.
  6985 | D:8      | Killed Psyche
  6987 | D:8      | Killed a two-headed ogre
  7050 | D:8      | Found a sparkling altar of Nemelex Xobeh.
  7473 | D:8      | Bought a +3 chain mail of cold resistance for 371 gold
                  | pieces
  7766 | D:9      | Reached skill level 1 in Evocations
  7818 | D:9      | Reached skill level 12 in Axes
  7830 | D:9      | Reached XP level 11. HP: 72/87 MP: 10/10
  7960 | D:9      | Found a staircase to the Lair.
  8232 | D:9      | Noticed a two-headed ogre
  8238 | D:9      | Killed a two-headed ogre
  8326 | D:9      | Noticed a deep elf pyromancer
  8331 | D:9      | Killed a deep elf pyromancer
  8347 | D:9      | Noticed a two-headed ogre
  8347 | D:9      | Noticed a white ugly thing
  8359 | D:9      | Killed a two-headed ogre
  8363 | D:9      | Killed a white ugly thing
  8364 | D:9      | Reached skill level 13 in Axes
  8396 | D:9      | Reached **** piety under Hepliaklqana
  8535 | D:9      | Reached skill level 10 in Fighting
  8535 | D:9      | Reached skill level 10 in Armour
  8733 | D:10     | Entered Level 10 of the Dungeon
  8853 | D:10     | Noticed a two-headed ogre
  8858 | D:10     | Killed a two-headed ogre
  8859 | D:10     | Reached skill level 10 in Shields
  9268 | D:10     | Noticed a two-headed ogre
  9274 | D:10     | Killed a two-headed ogre
  9561 | D:11     | Noticed Fannar
  9571 | D:11     | Noticed a sun demon
  9591 | D:11     | Killed Fannar
  9592 | D:11     | Reached XP level 12. HP: 83/96 MP: 11/11
  9639 | D:11     | Reached skill level 14 in Axes
  9742 | D:11     | Noticed a boulder beetle
  9767 | D:11     | Killed a boulder beetle
  9836 | D:11     | Noticed a five-headed hydra
 10157 | D:11     | Found a staircase to the Orcish Mines.
 10585 | Lair:1   | Entered Level 1 of the Lair of Beasts
 10997 | Lair:1   | Reached skill level 5 in Evocations
 11005 | Lair:1   | Reached skill level 15 in Axes
 11186 | Lair:2   | Noticed Sonja
 11197 | Lair:2   | Killed Sonja
 11274 | Lair:2   | Noticed a seven-headed hydra
 11289 | Lair:2   | Killed a seven-headed hydra
 11309 | Lair:2   | Found a staircase to the Swamp.
 11375 | Lair:2   | Reached ***** piety under Hepliaklqana
 11503 | Lair:2   | Found a staircase to the Snake Pit.
 11532 | Lair:2   | Reached XP level 13. HP: 77/104 MP: 12/12
 12001 | Lair:3   | Noticed Urug
 12008 | Lair:3   | Killed Urug
 12344 | Lair:3   | Reached skill level 16 in Axes
 12742 | Lair:4   | Found the +3 robe of Clouds {*Thunder rCloud rElec}
 12870 | Lair:4   | Identified the ring of Ignis's Castigation {Fly rElec rN+
                  | Str+3}
 13668 | Lair:5   | Entered Level 5 of the Lair of Beasts
 13668 | Lair:5   | Found a staircase to the Slime Pits.
 13858 | Lair:5   | Noticed Josephine
 13893 | Lair:5   | Killed Josephine
 13898 | Lair:5   | Reached skill level 17 in Axes
 14153 | Lair:5   | Reached XP level 14. HP: 113/114 MP: 13/13
 14431 | Lair:5   | Reached ****** piety under Hepliaklqana
 14847 | Lair:5   | Found a large runed translucent door.
 14848 | Lair:5   | Found a large runed translucent door.
 15685 | Orc:1    | Entered Level 1 of the Orcish Mines
 15967 | Orc:2    | Entered Level 2 of the Orcish Mines
 16018 | Orc:1    | Noticed Jorgrun
 16031 | Orc:1    | Killed Jorgrun
 16165 | Orc:1    | Noticed Harold
 16174 | Orc:1    | Killed Harold
 16464 | Orc:2    | Reached skill level 18 in Axes
 16527 | Orc:2    | HP: 3/116 [orc high priest/divine providence (10)]
 16527 | Orc:2    | Mangled by a sun demon

Illustrated notes

Levels and vault maps discovered:
D:1:      amcnicky_arrival_choice, layout_basic, chequers_big_river
D:2:      layout_basic, basic_altar, shapermc_ecumenical_altar_mp_vishouse
D:3:      kennysheep_slugbush, layout_basic, mainiacjoe_overflow_chevrons,
          uniq_crazy_yiuf_cottage, uniq_terence
D:4:      layout_gridville, amcnicky_altar_gilded, minmay_temple_entry_mist,
          uniq_grinder, uniq_robin
D:5:      layout_layer_cave, mainiacjoe_overflow_tiny_flanked,
          kennysheep_mini_moat, grunt_tough_drop, uniq_prince_ribbit1,
          uniq_edmund
D:6:      layout_cave_pods, nicolae_gozag_cash_rules_everything_around_me,
          lightli_corner_chamber
D:7:      minmay_chambers_of_fours, layout_loops_ring, lemuel_round_altar,
          uniq_pikel
D:8:      layout_layer_cave, lemuel_tele_altar, hangedman_abyss_or_decor_stabs,
          nicolae_sextant, nicolae_inconvenience_store, st_stairs_4, uniq_psyche
D:9:      kennysheep_blocky_room, layout_irregular_city, erik_lair_dragon,
          item_on_display_a
D:10:     layout_rooms
D:11:     layout_long_grid, david_orc_4, onia_ninara_dug_in_and_dangerous,
          uniq_fannar
Lair:1:   layout_chaotic_city, grunt_megastairs_5
Lair:2:   layout_cave_shapes, minmay_swamp_entry_reptiles,
          guppyfry_snake_entry_island, uniq_sonja
Lair:3:   layout_regular_city, grunt_megastairs_3, uniq_gastronok, uniq_urug
Lair:4:   layout_cave_pods
Lair:5:   cheibrodos_lair_end_hotspot, layout_regular_city, slime_entry_1,
          lemuel_fruit_fields, uniq_josephine
Orc:1:    layout_caves, uniq_jorgrun, uniq_harold
Orc:2:    st_orc_pillars, layout_caves, lemuel_statue_altar

Skill      XL: |  1  2  3  4  5  6  7  8  9 10 11 12 13 14 |
---------------+-------------------------------------------+-----
Axes           | 3 4 5 7 8 10 12 13 15 17 18 | 18.0
Fighting       | 4 5 6 8 9 10 11 12 13 | 13.4
Armour         | 4 5 6 8 9 10 11 12 13 | 13.3
Dodging        | 1 2 4 6 |  6.9
Shields        | 4 5 6 7 9 10 11 12 13 | 13.3
Evocations     | 1 4 5 7 |  7.9

Action                     |  1- 3 |  4- 6 |  7- 9 | 10-12 | 13-15 || total
---------------------------+-------+-------+-------+-------+-------++-------
  Melee: War axe           |    54 |   124 |   122 |   110 |       ||   410
         Headbutt          |     5 |    18 |    21 |    80 |    94 ||   218
         Broad axe         |       |       |       |   262 |   423 ||   685
         Whip              |       |       |       |    12 |     1 ||    13
 Invoke: Ancestor Life: Ba |       |       |     1 |       |       ||     1
         Recall Ancestor   |       |       |       |       |     1 ||     1
  Evoke: Wand              |       |       |     2 |    10 |     5 ||    17
    Use: Potion            |       |     1 |       |     8 |     2 ||    11
         Scroll            |       |       |       |    20 |     8 ||    28
   Stab: Distracted        |       |       |     5 |     6 |    14 ||    25
         Paralysed         |       |       |       |       |     3 ||     3
 Armour: Scale mail        |    23 |       |       |       |       ||    23
         Plate armour      |       |    59 |    77 |     9 |       ||   145
         Chain mail        |       |       |       |   102 |    88 ||   190
  Dodge: Dodged            |    27 |    37 |    34 |   167 |   117 ||   382
  Block: Buckler           |    18 |    44 |    61 |       |       ||   123
         Reflection        |       |       |     3 |    10 |     8 ||    21
         Kite shield       |       |       |     3 |   371 |   351 ||   725

Table legend: (Time is in decaauts)
 A = Elapsed time spent in this place.
 B = Non-inter-level travel time spent in this place.
 C = Inter-level travel time spent in this place.
 D = Time resting spent in this place.
 E = Time spent auto-exploring this place.
 F = Levels seen in this place.
 G = Mean time per level.
                   A        B        C        D        E       F      G
               +--------+--------+--------+--------+--------+-----+--------+
         Total |  16546 |  15483 |   1063 |   1986 |  10115 |  18 |  919.2 |
       Dungeon |  10814 |  10045 |    769 |   1234 |   6860 |  11 |  983.1 |
          Lair |   4905 |   4649 |    256 |    608 |   2855 |   5 |  981.0 |
  Orcish Mines |    826 |    790 |     36 |    144 |    399 |   2 |  413.0 |
               +--------+--------+--------+--------+--------+-----+--------+

Top non-repeatable levels by time:
  Lair:5: 1723 daAuts
     D:9: 1497 daAuts
     D:7: 1191 daAuts
     D:8: 1159 daAuts
     D:3: 1126 daAuts
    D:11: 991 daAuts
     D:4: 988 daAuts
  Lair:4: 988 daAuts
     D:2: 985 daAuts
     D:5: 909 daAuts
  Lair:3: 811 daAuts
     D:6: 786 daAuts
  Lair:2: 774 daAuts
     D:1: 749 daAuts
  Lair:1: 607 daAuts
